 Dungeon Crawl Stone Soup version 0.31.0-12-g77e489cdc1 (webtiles) character file.

Game seed: 5055347875194334173

56 Killerpretzel the Changeling (level 3, -3/24 HPs)
             Began as an Octopode Shapeshifter on Feb 12, 2024.
             Slain by a ribbon worm (8 damage)
             ... on level 2 of the Dungeon.
             The game lasted 00:00:58 (631 turns).

Killerpretzel the Changeling (Octopode Shapeshifter) Turns: 631, Time: 00:00:59

Health: -3/24      AC:  1    Str: 13    XL:     3   Next: 97%
Magic:  3/3        EV: 10    Int: 12    God:
Gold:   109        SH:  0    Dex: 13    Spells: 2/2 levels left

rFire   . .          .
                       - Unarmed
rCold   . . .        (no shield)
rNeg    . . .        (helmet currently unavailable)
rPois   .            e - amulet of magic regeneration
rElec   .            (no ring)
rCorr   .            (no ring)
SInv    .            (no ring)
Will    .....        (no ring)
Stlth   ++           (no ring)
HPRegen 0.24/turn    (no ring)
MPRegen 0.48/turn    (no ring)
                     (no ring)

%: no passive effects
@: beast-form, constricted
A: beast (slay +2), almost no armour, amphibious, 8 rings, camouflage 1,
gelatinous body 1, (nimble swimmer 1), tentacles
a: Begin Untransformation


You were on level 2 of the Dungeon.
You were a hulking beast.
You visited 1 branch of the dungeon, and saw 2 of its levels.

You collected 109 gold pieces.

Inventory:

Jewellery
 e - an amulet of magic regeneration (around mantle)
Talismans
 b - a beast talisman
 c - a flux talisman
Potions
 a - a potion of lignification
 d - a potion of invisibility
 f - a potion of resistance {unknown}
 g - a potion of curing {unknown}


   Skills:
 + Level 1.8 Fighting
 + Level 2.5 Dodging
 + Level 3.3 Unarmed Combat
 * Level 3.6 Shapeshifting


You had 2 spell levels left.
You didn't know any spells.
Your spell library contained the following spells:

 Spells                   Type           Power      Damage    Failure   Level
 Dazzling Flash           Conj/Hex       0%         N/A       69%         3
 Mephitic Cloud           Conj/Alch/Air  0%         N/A       69%         3
 Curse of Agony           Necr           0%         N/A       100%        5
 Silence                  Hex/Air        0%         N/A       100%        5


Dungeon Overview and Level Annotations

Branches:
Dungeon (2/15)

Altars:

Shops:
D:1 :


Innate Abilities, Weirdness & Mutations

You are a hulking beast.
Your limbs bulge with bestial killing power. (Slay +2)
You cannot wear most types of armour.
You are amphibious.
You can wear up to eight rings at the same time.
Your skin changes colour to match your surroundings (Stealth+).
Your rubbery body absorbs attacks. (AC +1, EV +1)
((You are camouflaged when in or above water. (Stealth+)))
You have tentacles for arms and can constrict up to eight enemies at once.


Message History

You are too injured to fight recklessly!
There are monsters nearby!
You are too injured to fight recklessly!
You are too injured to fight recklessly!
You are too injured to fight recklessly!
You are too injured to fight recklessly!
You are too injured to fight recklessly!
You are too injured to fight recklessly!
You are too injured to fight recklessly!
You are too injured to fight recklessly!
You are too injured to fight recklessly!
You are too injured to fight recklessly!
There are monsters nearby!
You are too injured to fight recklessly!
You are too injured to fight recklessly!
You are too injured to fight recklessly!
You are too injured to fight recklessly!
You are too injured to fight recklessly!
You are too injured to fight recklessly!
You are too injured to fight recklessly!
You are too injured to fight recklessly!
You are too injured to fight recklessly!
You are too injured to fight recklessly!
There are monsters nearby!
You tentacle-slap the ribbon worm.
The ribbon worm is heavily wounded.
You constrict the ribbon worm, but do no damage.
The ball python misses you. The ball python constricts you.
The ribbon worm expels a string of sticky webbing.
The stream of webbing hits you but does no damage.
You are caught in a web!
You struggle to detach yourself from the web.
You constrict the ribbon worm. The ball python bites you.
The ball python constricts you. The ribbon worm bites you.
The web tears apart.
You constrict the ribbon worm. The ball python bites you.
* * * LOW HITPOINT WARNING * * *
The ball python constricts you.
* * * LOW HITPOINT WARNING * * *
The ribbon worm bites you!
You die...

#.........#
##.>.......#
..........#. # #
........... ..#.
........ .....
#.....#..
.....##.wS..#.
.......bh.# ..
......!..## .#
........####.#
..#####...>#.###.#.
... ....
####.........
....###..##
#.....#.##.#
#.........
.....##.## ..
..##.....# ####
##)# . .........#
#..#


You could see a ribbon worm (catching breath), a bat and a ball python.

Vanquished Creatures
  Natasha (D:2)
  An adder (D:2)
  A dart slug (D:1)
  3 endoplasms
  2 goblins
  2 hobgoblins (D:1)
  2 kobolds
  2 quokkas (D:1)
  2 ball pythons
  A bat (D:1)
  2 frilled lizards
  2 rats (D:1)
21 creatures vanquished.

Notes
Turn   | Place    | Note
-------+----------+-------------------------------------------
     0 | D:1      | Killerpretzel the Octopode Shapeshifter began the quest for
                  | the Orb.
     0 | D:1      | Reached XP level 1. HP: 13/13 MP: 1/1
   209 | D:1      | Reached XP level 2. HP: 18/18 MP: 2/2
   230 | D:1      | Found Zuanodi's Book Boutique.
   486 | D:2      | Noticed Natasha
   495 | D:2      | Killed Natasha
   496 | D:2      | Reached XP level 3. HP: 21/24 MP: 3/3
   631 | D:2      | Slain by a ribbon worm

Illustrated notes

Levels and vault maps discovered:
D:1:      heliophobic_arrival_ceremonial_halls, layout_rooms, serial_shops, shop
D:2:      layout_rooms, ebering_ecumenical_altar_abandoned, uniq_natasha

Action                     || total
---------------------------++-------
  Melee: Unarmed           ||    41
         Constrict         ||     8
         Tentacles         ||     6
         Punch             ||     2
    Use: Scroll            ||     4
   Stab: Sleeping          ||     5
 Armour: Skin              ||    17
  Dodge: Dodged            ||    19
